 Dungeon Crawl Stone Soup version 0.25-a0-930-g9f5dfa9815 (webtiles) character file.

Game seed: 2509418406983710567, levelgen mode: classic

4 Amnesiac the Chiller (level 1, 0/14 HPs)
             Began as a Ghoul Ice Elementalist on May 4, 2020.
             Slain by a jackal (1 damage)
             ... on level 2 of the Dungeon.
             The game lasted 00:00:41 (175 turns).

Amnesiac the Chiller (Ghoul Ice Elementalist)        Turns: 175, Time: 00:00:42

Health: 0/14       AC:  2    Str: 11    XL:     1   Next: 70%
Magic:  0/2        EV: 12    Int: 10    God:
Gold:   23         SH:  0    Dex:  9    Spells: 2/3 levels left

rFire    . . .     SeeInvis .   (no weapon)
rCold    + . .     Gourm    .   (no shield)
rNeg     + + +     Faith    .   a - +0 robe
rPois    ∞         Spirit   .   (no helmet)
rElec    .         Reflect  .   (no cloak)
rCorr    .         Harm     .   (no gloves)
MR       .....                  (no boots)
Stlth    ++........             (no amulet)
HPRegen  0.00/turn              e - ring of wizardry
MPRegen  0.08/turn              (no ring)

@: rotting
A: rotting body, claws 1, carnivore, cold resistance 1, negative energy
resistance 3, inhibited regeneration, torment resistance, unbreathing
a: no special abilities


You were on level 2 of the Dungeon.
You were not hungry.

You visited 1 branch of the dungeon, and saw 2 of its levels.

You collected 23 gold pieces.

Inventory:

Missiles
 g - 22 sling bullets
Armour
 a - a +0 robe (worn)
Jewellery
 e - a ring of wizardry (left claw)
Scrolls
 f - a scroll of fear {!r, unknown}
Potions
 d - a potion of brilliance {!q, unknown}
Comestibles
 c - a ration


   Skills:
 - Level 1.7 Dodging
 - Level 2.1 Stealth
 + Level 1.9 Spellcasting
 * Level 4.6 Ice Magic


You had 2 spell levels left.
You knew the following spells:

 Your Spells              Type           Power        Failure   Level  Hunger
a - Freeze                Ice            ##..         1%          1    ##.....

Your spell library contained the following spells:

 Spells                   Type           Power        Failure   Level  Hunger
 Frozen Ramparts          Ice            ##....       6%          3    ####...
 Ozocubu's Armour         Chrm/Ice       #.......     16%         3    ####...
 Hailstorm                Conj/Ice       #.......     43%         4    #####..
 Summon Ice Beast         Ice/Summ       #.......     43%         4    #####..


Dungeon Overview and Level Annotations

Branches:
Dungeon (2/15)

Altars:


Innate Abilities, Weirdness & Mutations

Your body is rotting away.
You thrive on raw meat.
You are immune to poison.
You have sharp fingernails.
You are carnivorous and can eat meat at any time.
Your flesh is cold resistant. (rC+)
You are immune to negative energy. (rN+++)
You do not regenerate when monsters are visible.
You are immune to unholy pain and torment.
You can survive without breathing.


Message History

The jackal closely misses you.
Casting: Freeze (safe; 1% risk of failure)
Confirm with . or Enter, or press ? or * to list all spells.
You don't have enough magic to cast that spell.
You closely miss the jackal.
The jackal is lightly wounded.
The jackal bites you. The jackal barely misses you.
Casting: Freeze (safe; 1% risk of failure)
Confirm with . or Enter, or press ? or * to list all spells.
You don't have enough magic to cast that spell.
You scratch the jackal.
You kill the jackal!
The jackal bites you.
* * * LOW HITPOINT WARNING * * *
Casting: Freeze (safe; 1% risk of failure)
Confirm with . or Enter, or press ? or * to list all spells.
You don't have enough magic to cast that spell.
Okay, then.
You closely miss the jackal. The jackal barely misses you.
Casting: Freeze (safe; 1% risk of failure)
Confirm with . or Enter, or press ? or * to list all spells.
You don't have enough magic to cast that spell.
You scratch the jackal but do no damage.
The jackal barely misses you. The jackal bites you.
* * * LOW HITPOINT WARNING * * *
Casting: Freeze (safe; 1% risk of failure)
Confirm with . or Enter, or press ? or * to list all spells.
Aiming: Freeze (safe; 1% risk of failure)
Press: ? - help, Shift-Dir - straight line, f - jackal
Aim: a jackal You freeze the jackal.
The jackal is moderately wounded.
The jackal barely misses you.
You scratch the jackal.
The jackal is heavily wounded.
The jackal barely misses you.
Casting: Freeze (safe; 1% risk of failure)
Confirm with . or Enter, or press ? or * to list all spells.
You don't have enough magic to cast that spell.
Casting: Freeze (safe; 1% risk of failure)
Confirm with . or Enter, or press ? or * to list all spells.
You don't have enough magic to cast that spell.
You closely miss the jackal.
The jackal is heavily wounded.
The jackal barely misses you. The jackal closely misses you.
The jackal barely misses you.
A goblin comes into view.
The jackal bites you.
* * * LOW HITPOINT WARNING * * *
The jackal bites you.
* * * LOW HITPOINT WARNING * * *
The jackal barely misses you.
There is an open door here.
Casting: Freeze (safe; 1% risk of failure)
Confirm with . or Enter, or press ? or * to list all spells.
Aiming: Freeze (safe; 1% risk of failure)
Press: ? - help, Shift-Dir - straight line, f/p - jackal
Aim: a jackal (moderately wounded)
You freeze the jackal.
The jackal is almost dead.
The jackal barely misses you.
Unknown command.
The jackal bites you.
You die...

########## ### ####......... #..
..#.############ #.#
###'#.######...... #.#
#.................
#.#####.................
##########.#.....h..........#####
.............###@#'#†########
##########...#.#.#.#.#
#...#.#.#h#.# #.#.#h..#.#h#
###.#..####.#.######
+....................
###.##..###..........
#..................
#####.###..........


You could see a jackal.

Vanquished Creatures
  A giant cockroach (D:2)
  2 jackals (D:2)
  A rat (D:1)
4 creatures vanquished.

Notes
Turn   | Place    | Note
-------+----------+-------------------------------------------
     0 | D:1      | Amnesiac the Ghoul Ice Elementalist began the quest for the
                  | Orb.
     0 | D:1      | Reached XP level 1. HP: 14/14 MP: 2/2
   175 | D:2      | Slain by a jackal

Levels and vault maps discovered:
D:1:      co_arrival_two_rings, layout_loops_ring
D:2:      layout_basic, overflow_temple_1_default,
          nicolae_overflow_hidden_temple, grunt_ministairs_14, uniq_natasha

Action                   || total
-------------------------++-------
Melee: Unarmed           ||    13
 Cast: Freeze            ||     6
  Eat: Chunk             ||     1
Armor: Robe              ||     2
Dodge: Dodged            ||    28

Table legend:
 A = Non-vault XP
 B = Vault XP
 C = Vault XP percentage of total XP
 D = Non-vault monster count
 E = Vault monster count
 F = Vault count percentage of total count
                 A         B        C        D         E       F
            +---------+---------+-------+---------+---------+-------
      Total |       7 |       0 |   0.0 |       4 |       0 |   0.0
            +---------+---------+-------+---------+---------+-------
        D:1 |       1 |       0 |   0.0 |       1 |       0 |   0.0
        D:2 |       6 |       0 |   0.0 |       3 |       0 |   0.0
            +---------+---------+-------+---------+---------+-------
